 Dungeon Crawl Stone Soup version 0.24.0-1-gfbc8707122 (webtiles) character file.

Game seed: 11312539819527311977, levelgen mode: deterministic

184 Arixos the Gusty (level 5, -4/34 HPs)
             Began as an Octopode Air Elementalist on Oct 28, 2019.
             Killed by divine providence
             ... invoked by an orc priest
              (16 damage)
             ... on level 3 of the Dungeon.
             The game lasted 00:11:40 (2899 turns).

Arixos the Gusty (Octopode Air Elementalist)        Turns: 2899, Time: 00:11:41

Health: -4/34      AC:  1    Str:  8    XL:     5   Next: 64%
Magic:  1/10       EV: 14    Int: 18    God:
Gold:   122        SH:  0    Dex: 12    Spells: 0/10 levels left

rFire    . . .     SeeInvis .   a - +0 dagger
rCold    . . .     Gourm    .   (no shield)
rNeg     . . .     Faith    .   (helmet restricted)
rPois    .         Spirit   .   (no amulet)
rElec    .         Reflect  .   k - ring of stealth
rCorr    .         Harm     .   (no ring)
MR       .....                  (no ring)
Stlth    ++++......             (no ring)
HPRegen  0.11/turn              (no ring)
MPRegen  0.12/turn              (no ring)
                                (no ring)
                                (no ring)

@: very slightly contaminated, slowed, very slow
A: almost no armour, stealthy swim, amphibious, 8 rings, constrict 8, camouflage
1, gelatinous body 1
a: no special abilities


You were on level 3 of the Dungeon.
You were not hungry.

You visited 1 branch of the dungeon, and saw 3 of its levels.

You collected 122 gold pieces.

Inventory:

Hand Weapons
 a - a +0 dagger (weapon)
Missiles
 o - 7 poisoned darts (quivered)
Jewellery
 k - a ring of stealth (left tentacle)
Scrolls
 d - a scroll of noise {unknown}
 e - a scroll of teleportation {unknown}
 g - 4 scrolls of remove curse {unknown}
 h - a scroll of blinking {unknown}
 i - a scroll of enchant armour {unknown}
 j - 2 scrolls of immolation {unknown}
 l - a scroll of identify {unknown}
Potions
 c - a potion of flight {unknown}
 f - a potion of haste {unknown}
 m - 2 potions of degeneration {unknown}
Comestibles
 b - a ration
 n - 6 chunks of flesh


   Skills:
 + Level 1.7 Fighting
 + Level 2.8 Dodging
 - Level 2.6 Stealth
 * Level 3.3 Spellcasting
 + Level 2.4 Conjurations
 + Level 3.6 Air Magic


You couldn't memorise any spells.
You knew the following spells:

 Your Spells              Type           Power        Failure   Level  Hunger
a - Shock                 Conj/Air       ##..         4%          1    None
s - Airstrike             Air            ###.......   34%         4    ####...
A - Lightning Bolt        Conj/Air       ##........   77%         5    ######.

Your spell library contained the following spells:

 Spells                   Type           Power        Failure   Level  Hunger
 Swiftness                Chrm/Air       #.......     11%         2    ##.....
 Static Discharge         Conj/Air       ##......     14%         3    ###....


Dungeon Overview and Level Annotations

Branches:
Dungeon (3/15)

Altars:


Innate Abilities, Weirdness & Mutations

You cannot wear most types of armour.
You are very stealthy in the water. (Stealth+)
You are amphibious.
You can wear up to eight rings at the same time.
You can use your tentacles to constrict eight enemies at once.
Your skin changes colour to match your surroundings (Stealth+).
Your rubbery body absorbs attacks. (AC +1, EV +1)


Message History

The zap misses the orc wizard.
The orc wizard gestures at you while chanting.
The magic dart hits you.
An orc warrior comes into view. It is wielding a +0 long sword.
The orc wizard gestures at you while chanting.
You feel yourself slow down. The orc wizard casts a spell at you.
The magic dart hits you! The orc wizard misses you.
The orc wizard points at you and mumbles some strange words.
You resist with some effort. The orc wizard barely misses you.
The orc priest miscasts a cantrip.
The orc wizard points at you and mumbles some strange words.
The magic dart hits you.
The orc priest looks encouraged for a moment.
The orc wizard hits you with a +0 dagger.
The orc priest invokes the aid of Beogh against you.
Beogh smites you!
You die...

....#####.# .....
###.....##.######
...o
####..............
...
#...........###### ..
#.# #.......# #.
###.###....##.# ##)##
#.......#.###.#
#####...###.#o#####.#
#.#
......#.o....@..>...#
#.# #...###.#.#######
#.# ##......#.# #.#
########.# .# #.. ###


You could see an orc priest and an orc wizard.

Vanquished Creatures
  Jessica (D:2)
  Natasha (thrice) (D:2)
  2 adders (D:2)
  A worm (D:2)
  3 dart slugs
  2 leopard geckos
  An orc (D:3)
  A ball python (D:1)
  5 giant cockroaches
  10 goblins
  3 hobgoblins
  2 quokkas (D:3)
  6 bats
  4 frilled lizards
  6 kobolds
  6 rats
56 creatures vanquished.

Notes
Turn   | Place    | Note
-------+----------+-------------------------------------------
     0 | D:1      | Arixos the Octopode Air Elementalist began the quest for
                  | the Orb.
     0 | D:1      | Reached XP level 1. HP: 11/11 MP: 3/3
   161 | D:1      | Reached XP level 2. HP: 18/18 MP: 1/5
   259 | D:1      | You fall into a shaft and drop 1 floor!
  1123 | D:2      | Reached XP level 3. HP: 22/22 MP: 3/6
  1539 | D:2      | Reached skill level 1 in Fighting
  1652 | D:2      | Reached XP level 4. HP: 18/28 MP: 0/8
  1764 | D:2      | Learned a level 4 spell: Airstrike
  1834 | D:2      | Noticed Natasha
  1934 | D:2      | Killed Natasha
  1992 | D:2      | Noticed Natasha
  2013 | D:2      | Killed Natasha
  2305 | D:2      | Noticed Jessica
  2307 | D:2      | Killed Jessica
  2307 | D:2      | Reached XP level 5. HP: 33/33 MP: 6/9
  2402 | D:2      | Noticed Natasha
  2408 | D:2      | Killed Natasha
  2838 | D:3      | Learned a level 5 spell: Lightning Bolt
  2893 | D:3      | Noticed an orc warrior
  2899 | D:3      | Killed from afar by an orc priest

Levels and vault maps discovered:
D:1:      dpeg_arrival_simpleton_a, layout_basic
D:2:      layout_rooms, minmay_heptomino_h4, uniq_natasha, uniq_jessica
D:3:      layout_loops_ring, amethyst_overflow_temple_binary, first_ration

Skill      XL: |  1  2  3  4 |
---------------+-------------+-----
Fighting       | 1 |  1.7
Spellcasting   | 3 |  3.3
Conjurations   | 2 |  2.4
Dodging        | |  2.8
Stealth        | |  2.6
Air Magic      | |  3.6

Action                   |  1- 3 |  4- 6 || total
-------------------------+-------+-------++-------
Melee: Dagger            |     8 |     7 ||    15
       Constrict         |     4 |     3 ||     7
       Tentacles         |     2 |     1 ||     3
 Cast: Shock             |    80 |    67 ||   147
  Eat: Chunk             |     3 |     4 ||     7
Armor: Skin              |     1 |       ||     1
Dodge: Dodged            |     8 |    19 ||    27
